 Dungeon Crawl Stone Soup version 0.18-a0-1088-g34ef3a2 (webtiles) character file.

9922 ater218 the Spear-Bearer (level 11, -16/151 HPs)
             Began as a Minotaur Berserker on Jan 15, 2016.
             Was a High Priest of Trog.
             Demolished by a red ugly thing (20 damage)
             ... on level 12 of the Dungeon.
             The game lasted 00:56:56 (9777 turns).

ater218 the Spear-Bearer (Minotaur Berserker)       Turns: 9777, Time: 00:56:57

Health: -16/151    AC: 21    Str: 30    XL:     11   Next: 29%
Magic:  10/10      EV: 18    Int:  4    God:    Trog [*****.]
Gold:   172        SH:  0    Dex: 16    Spells: 0 memorised, 10 levels left

rFire  . . .     SeeInvis .     L - +2 bardiche (flame)
rCold  . . .     Gourm    .     J - +0 plate armour
rNeg   . . .     Faith    .     (shield currently unavailable)
rPois  .         Spirit   .     (helmet restricted)
rElec  .         Dismiss  .     a - +0 cloak
rCorr  .         Reflect  .     i - +2 pair of gloves
SustAt .         Harm     +     e - +0 pair of boots
MR     ++...                    D - amulet of harm
Stlth  ..........               G - +6 ring of dexterity
                                t - +5 ring of evasion

@: berserking, regenerating, very quick, very resistant to hostile enchantments,
extremely unstealthy
A: retaliatory headbutt, horns 2
a: Berserk, Trog's Hand, Brothers in Arms, Burn Spellbooks, Renounce Religion


You were on level 12 of the Dungeon.
You worshipped Trog.
Trog was extremely pleased with you.
You were very hungry.

You visited 2 branches of the dungeon, and saw 12 of its levels.
You also visited: Ossuary.

You collected 618 gold pieces.
You spent 446 gold pieces at shops.

Inventory:

Hand Weapons
 l - a +1 glaive of venom
 u - a +0 shortbow
 w - a +1 spear of piercing
 x - a +2 scythe of freezing
 L - a +2 bardiche of flaming (weapon)
Missiles
 v - 102 arrows (quivered)
 F - 16 poisoned arrows
Armour
 a - a +0 cloak (worn)
 e - a +0 pair of boots (worn)
 h - a +1 chain mail
 i - a +2 pair of gloves (worn)
 J - a +0 plate armour (worn)
Jewellery
 s - an uncursed ring of flight
 t - a +5 ring of evasion (left hand)
 D - an amulet of harm (around neck)
 G - a +6 ring of dexterity (right hand)
Wands
 d - a wand of fire (12/15)
 r - a wand of digging (10/24)
 H - a wand of teleportation (5/9)
Scrolls
 b - 2 scrolls of teleportation
 f - 3 scrolls of recharging
 g - 16 scrolls of identify
 m - 2 scrolls of remove curse
 n - 3 scrolls of magic mapping
 y - a scroll of fog
 K - a scroll of random uselessness {unknown}
Potions
 c - a potion of might
 j - 6 potions of curing
 k - a potion of agility
 o - 5 potions of magic
 q - a potion of beneficial mutation
 z - 2 potions of berserk rage
 A - a potion of cure mutation
 B - a potion of invisibility
Comestibles
 p - 8 beef jerkies
 C - 2 meat rations
 E - 2 chunks of flesh
 I - 3 bread rations


   Skills:
 + Level 10.8 Fighting
 + Level 12.4 Polearms
 + Level 11.4 Armour
 + Level 8.1 Dodging


You had 10 spell levels left.
You didn't know any spells.

Dungeon Overview and Level Annotations

Branches:
Dungeon (10/15)            Temple (1/1) D:6
   Lair: D:8-11         Orc: D:9-12

Altars:
Ashenzari
Cheibriados
Dithmenos
Elyvilon
Fedhas
Gozag
Kikubaaqudgha
Makhleb
Nemelex Xobeh
Okawaru
Pakellas
Qazlal
Ru
Sif Muna
Trog
Vehumet
Xom
Yredelemnul
Zin
The Shining One

Shops:
D:4 [(([[   D:5 ?*   D:6 =   D:8 *   D:10 (

Portals:
Trove: D:10 (give wand of heal wounds (9))


Innate Abilities, Weirdness & Mutations

You reflexively headbutt those who attack you in melee.
You have a pair of horns on your head.


Message History

The red ugly thing claws you!
* * * LOW HITPOINT WARNING * * *
You are engulfed in flames!
* * * LOW HITPOINT WARNING * * *
The red ugly thing claws you but does no damage.
Your skin crawls.
You feel resistant to hostile enchantments.
You feel slightly more hungry. The red ugly thing barely misses you.
Your ogre goes berserk!
You feel somewhat more hungry. The red ugly thing closely misses you.
You furiously retaliate!
You headbutt the red ugly thing!
Your ogre rages.
A red film seems to cover your vision as you go berserk!
You feel yourself moving faster!
You feel mighty!
You are feeling very hungry.
Your ogre barely misses the red ugly thing.
The red ugly thing claws you!
* * * LOW HITPOINT WARNING * * *
You are engulfed in flames!
You die...

#########
........#
........#
........#
........#
........#
##u######+#
#O@........
+..#####...
#.........
#.........
#.........
#########.........
..................
####.............
#........####.


You could see a red ugly thing and a friendly ogre (berserk).

Vanquished Creatures
  The ghost of ater218 the Spear-Bearer, a novice MiBe of Trog (D:8)
  An unseen horror (D:10)
  2 ugly things (D:8)
  2 trolls (D:9)
  Sigmund (D:3)
  3 wyverns
  6 yaks (D:7)
  A hippogriff (D:9)
  A hungry ghost (D:3)
  A water moccasin (D:8)
  5 orc warriors
  5 ice beasts
  2 black bears (D:8)
  6 phantoms
  3 sky beasts
  A necrophage (D:10)
  4 ogres
  5 centaurs
  2 big kobolds
  2 giant frogs (D:8)
  A water moccasin skeleton (D:10)
  8 scorpions
  3 killer bees (D:10)
  7 wights
  A vampire bat (D:8)
  9 crimson imps
  An electric eel (D:9)
  2 quasits (D:6)
  A wasp zombie (D:8)
  4 hounds
  7 orc priests
  3 jellies
  7 orc wizards
  Jessica (D:3)
  4 iguanas
  6 worker ants
  8 big kobold zombies (Ossuary)
  2 hound skeletons
  A mummy (Ossuary)
  7 gnolls
  10 adders
  3 shadow imps
  An ooze (D:3)
  An adder zombie (D:5)
  8 worms
  8 giant geckos
  30 orcs
  7 spectral bats (Ossuary)
  14 bats
  2 bat skeletons (D:8)
  3 bat zombies (D:8)
  8 giant cockroaches
  4 gnoll zombies (Ossuary)
  9 goblins
  6 hobgoblins
  10 jackals
  3 quokkas
  2 ball pythons (D:1)
  2 bat simulacra (Ossuary)
  8 giant newts
  A goblin simulacrum (Ossuary)
  4 goblin zombies (Ossuary)
  7 hobgoblin zombies (Ossuary)
  A jackal skeleton (D:5)
  13 kobolds
  2 kobold simulacra (Ossuary)
  4 kobold zombies (Ossuary)
  3 orc zombies (Ossuary)
  A quokka skeleton (D:4)
  9 rats
  3 rat simulacra (Ossuary)
  3 spectral goblins (Ossuary)
  6 spectral kobolds (Ossuary)
  2 spectral rats (Ossuary)
  A fungus (D:7)
336 creatures vanquished.

Vanquished Creatures (others)
  2 fungi (D:7)
2 creatures vanquished.

Grand Total: 338 creatures vanquished

Notes
Turn   | Place    | Note
--------------------------------------------------------------
     0 | D:1      | ater218 the Minotaur Berserker began the quest for the Orb.
     0 | D:1      | Reached XP level 1. HP: 19/19 MP: 0/0
   160 | D:1      | Reached XP level 2. HP: 25/27 MP: 1/1
   272 | D:1      | Reached skill level 4 in Fighting
   666 | D:1      | Reached ** piety under Trog
   739 | D:1      | Reached XP level 3. HP: 33/33 MP: 2/2
  1196 | D:2      | Found a deep blue altar of Sif Muna.
  1381 | D:2      | Reached XP level 4. HP: 39/41 MP: 3/3
  1477 | D:3      | Noticed Sigmund
  1491 | D:3      | Killed Sigmund
  1491 | D:3      | Reached skill level 5 in Fighting
  1491 | D:3      | Reached skill level 5 in Polearms
  1491 | D:3      | Reached XP level 5. HP: 27/48 MP: 4/4
  1643 | D:3      | Noticed a phantom
  1645 | D:3      | Reached XP level 6. HP: 56/56 MP: 5/5
  1986 | D:3      | Noticed a hungry ghost
  2004 | D:3      | Killed a hungry ghost
  2004 | D:3      | Reached skill level 6 in Fighting
  2004 | D:3      | Reached skill level 5 in Armour
  2004 | D:3      | Reached XP level 7. HP: 53/63 MP: 6/6
  2148 | D:3      | Reached *** piety under Trog
  2168 | D:3      | Noticed Jessica
  2173 | D:3      | Killed Jessica
  2464 | D:4      | Found Ywky's Armour Shoppe.
  2489 | D:4      | Found Taez's Antique Armour Boutique.
  2553 | D:4      | Found Xyisotw Xato's Antique Armour Boutique.
  2588 | D:4      | Reached skill level 5 in Dodging
  2684 | D:4      | Found Pemeselo's Antique Weapon Emporium.
  2822 | D:4      | Found Vutyscha's Antique Weapon Shop.
  2825 | D:4      | Bought a runed scythe for 78 gold pieces
  2912 | D:4      | Found a sand-covered staircase.
  2969 | Ossuary  | Entered an ossuary
  3025 | Ossuary  | Reached XP level 8. HP: 68/71 MP: 7/7
  3182 | Ossuary  | Reached skill level 7 in Fighting
  3701 | D:5      | Entered Level 5 of the Dungeon
  3766 | D:5      | Found Nonin's Magic Scroll Shoppe.
  3778 | D:5      | Bought a scroll of enchant weapon for 90 gold pieces
  4086 | D:5      | Found Pozuaw's Assorted Antiques.
  4112 | D:5      | Bought a pair of boots for 90 gold pieces
  4200 | D:5      | Found a burning altar of Makhleb.
  4298 | D:6      | Reached skill level 8 in Polearms
  4346 | D:6      | Found a glowing silver altar of Zin.
  4376 | D:6      | Found a staircase to the Ecumenical Temple.
  4384 | Temple   | Entered the Ecumenical Temple
  4678 | D:6      | Reached **** piety under Trog
  4787 | D:6      | Reached XP level 9. HP: 81/81 MP: 8/8
  4807 | D:6      | Found an iron altar of Okawaru.
  4859 | D:6      | Found Desuri Weph's Jewellery Shop.
  5073 | D:6      | Found a sacrificial altar of Ru.
  5322 | D:7      | Reached skill level 9 in Polearms
  5350 | D:7      | Gained mutation: You can translocate small distances at will. [potion of beneficial mutation]
  5353 | D:7      | Lost mutation: You can translocate small distances at will. [potion of cure mutation]
  5925 | D:7      | Reached skill level 10 in Polearms
  6452 | D:7      | Reached XP level 10. HP: 87/91 MP: 9/9
  6740 | D:8      | Noticed ater218's ghost (novice MiBe)
  7485 | D:8      | Killed ater218's ghost
  7580 | D:8      | Reached skill level 11 in Polearms
  7743 | D:8      | Reached skill level 10 in Armour
  7817 | D:8      | Reached ***** piety under Trog
  7818 | D:8      | Noticed a red ugly thing
  7820 | D:8      | Noticed a red ugly thing
  7827 | D:8      | Killed a red ugly thing
  7832 | D:8      | Killed a red ugly thing
  7832 | D:8      | Reached skill level 10 in Fighting
  7859 | D:8      | Got a bronze ring mail
  7996 | D:8      | Identified the +1 ring mail of Bitterness {Int+5} (You found it on level 8 of the Dungeon)
  8058 | D:8      | Found Xyrus's Assorted Antiques.
  8074 | D:8      | Bought a runed glaive for 188 gold pieces
  8099 | D:8      | Found an ancient bone altar of Kikubaaqudgha.
  8174 | D:8      | Found a basalt altar of Yredelemnul.
  8174 | D:8      | Found a shattered altar of Ashenzari.
  8428 | D:9      | Reached XP level 11. HP: 101/101 MP: 10/10
  9106 | D:10     | Entered Level 10 of the Dungeon
  9119 | D:10     | Reached skill level 12 in Polearms
  9203 | D:10     | Found Hefalita's Weapon Emporium.
  9354 | D:10     | Found a portal to a secret trove of treasure.
  9407 | D:10     | Received a gift from Trog
  9461 | D:10     | Killed an unseen horror
  9756 | D:10     | You fall through a shaft for 2 floors!
  9764 | D:12     | Noticed a red ugly thing
  9773 | D:12     | HP: 5/101 [red ugly thing (18)]
  9777 | D:12     | Demolished by a red ugly thing

Vault maps used:
D:1:      dpeg_arrival_subterranean_lakeside_camping, minmay_cut_off
D:2:      led_sif_pool, first_bread
D:3:      serial_bayou, serial_bayou_lagoon_a, serial_bayou_lake_a,
          serial_bayou_shore_a, serial_bayou_ford_a,
          kennysheep_decorative_pillar, hangedman_feature_mirror,
          hangedman_abyss_or_decor_lesser_grid, minmay_tree_intersection,
          minivault_25, uniq_jessica, uniq_sigmund
D:4:      serial_shops, nicolae_shop_crystal, kennysheep_mini_moat, shop,
          nicolae_shop_behind_doors, shop,
          nicolae_ossuary_entry_false_entrances, dk_noncrumbling_4
D:5:      makhleb_grotto_becter, serial_shops, nicolae_shop_overgrown_old_shop,
          nicolae_shop_competitors_out_of_business
D:6:      kennysheep_mini, okawaru_gym_becter, nicolae_overflow_crystal_walls,
          minmay_temple_entry_mist, serial_shops, shop
D:7:      old_forge
D:8:      minmay_curly_fans, kennysheep_vampire_church,
          gammafunk_temple_overflow_statue, serial_shops, shop_fountains,
          enter_bailey_2, grunt_ogre_cave
D:9:      kennysheep_another_room, hex_large
D:10:     serial_shops, nicolae_shop_statue_plus, nicolae_trove_entry_crossroad,
          minmay_misc_feat_columns, nicolae_twisting_strands
Temple:   eino_temple_water_12
Ossuary:  ossuary_zaba_two_paths

Action                   |  1- 3 |  4- 6 |  7- 9 | 10-12 || total
-------------------------+-------+-------+-------+-------++-------
Melee: Spear             |    90 |    25 |       |       ||   115
       Scythe            |       |    62 |   369 |    96 ||   527
       Glaive            |       |       |       |   111 ||   111
       Bardiche          |       |       |       |     9 ||     9
Invok: Berserk           |       |     2 |     4 |     6 ||    12
       Trog's Hand       |       |     2 |     2 |     7 ||    11
       Burn Spellbooks   |       |       |     1 |     1 ||     2
       Brothers in Arms  |       |       |       |     1 ||     1
  Use: Scroll            |       |       |    12 |     5 ||    17
       Potion            |       |       |     9 |     1 ||    10
  Eat: Chunk             |     1 |     5 |    11 |    11 ||    28
       Bread ration      |       |     1 |     1 |       ||     2
       Beef jerky        |       |     1 |       |     1 ||     2
       Meat ration       |       |       |     1 |       ||     1
       Fruit             |       |       |       |     2 ||     2
       Pizza             |       |       |       |     2 ||     2
